Cogmind - Beta 17 @@@ ROGUE MODE // 2026.08.09 @ 12:58:13 Player: C-Log Result: Destroyed by G-34 Mercenary with Small Laser Performance ------------- Evolutions (0) 0 Regions Visited (1) 200 Robots Destroyed (18) 90 Value Destroyed (388) 388 Prototype IDs (0) 0 Alien Tech Used (0) 0 Bonus (0) 0 TOTAL SCORE: 678 Bonus ------- None Cogmind --------- Core Integrity 0/250 Matter 162/300 Energy 99/100 System Corruption 0% Temperature Cool (6) Movement Walking (120) Location -10/Materials Parts ------- > --- POWER (1) -------- (None) > --- PROPULSION (2) --- Aluminum Leg Aluminum Leg > --- UTILITY (2) ------ Medium Storage Unit Seismic Detector > --- WEAPON (2) ------- Light Assault Rifle > --- INVENTORY (10) --- Aluminum Leg Small Storage Unit Structural Scanner Signal Interpreter Signal Interpreter Signal Interpreter Improved Terrain Scanner Grenade Launcher Grenade Launcher Mining Laser Peak State ------------ > --- POWER ------------ Ion Engine > --- PROPULSION ------- Light Treads Aluminum Leg > --- UTILITY ---------- Medium Storage Unit Seismic Detector > --- WEAPON ----------- Light Assault Rifle Grenade Launcher > --- INVENTORY -------- Aluminum Leg Wheel Small Storage Unit Signal Interpreter Signal Interpreter Signal Interpreter Improved Terrain Scanner Grenade Launcher Grenade Launcher Mining Laser [Rating: 8] Favorites ----------- Power Light Ion Engine Engine Light Ion Engine Propulsion Light Treads Treads Light Treads Leg Aluminum Leg Utility Seismic Detector Device Seismic Detector Storage Medium Storage Unit Weapon Light Assault Rifle Ballistic Gun Light Assault Rifle Launcher Grenade Launcher Special Weapon Mining Laser Build | -11 -10 ------- Run | Yrd Mat Slots Evolved . | . . Power . | . . Propulsion . | . . Utility . | . . Weapon . | . . Parts Attached 15 | 7 8 Power 2 | 1 1 Engine 2 | 1 1 Core . | . . Reactor . | . . Propulsion 6 | 2 4 Treads 2 | 2 . Leg 4 | . 4 Wheel . | . . Hover . | . . Flight . | . . Utility 3 | 2 1 Device 1 | 1 . Storage 2 | 1 1 Processor . | . . Hackware . | . . Protection . | . . Artifact . | . . Weapon 4 | 2 2 Energy Gun . | . . Energy Cannon . | . . Ballistic Gun 2 | 2 . Ballistic Cannon . | . . Launcher 1 | . 1 Special Weapon 1 | . 1 Impact Weapon . | . . Slashing Weapon . | . . Piercing Weapon . | . . Special Melee Weapon . | . . Unidentified Prototypes . | . . Parts Lost 5 | . 5 Power 2 | . 2 Propulsion 1 | . 1 Utility . | . . Weapon 2 | . 2 Highest Loss Streak 2 | . 2 To Critical Strikes . | . . Average Backups 5 | 1 6 Power . | . . Propulsion 1 | . 1 Utility 2 | . 4 Weapon 1 | . 1 Tool/Special . | . . Unused Backups 8 | . 8 Power . | . . Propulsion 1 | . 1 Utility 5 | . 5 Weapon 2 | . 2 Tool/Special . | . . Average Slot Usage (%) 92 | . 92 Engine 9 | . 9 Treads 23 | . 23 Leg 3 | . 3 Device 14 | . 14 Storage 14 | . 14 Ballistic Gun 21 | . 21 Launcher 3 | . 3 Special Weapon 1 | . 1 Peak Build Rating 8 | 7 8 Average Rating 6 | 6 6 On Entrance 3 | . 7 Avg Prop Armor Cover (%) 11 | . 11 Naked Turns . | . . Heaviest Build 20 | 12 20 Greatest Support 40 | 40 40 Greatest Overweight (x) 1 | 1 1 Average Overweight (x) . | . . Largest Inventory Capacity 10 | 8 10 Average Capacity 9 | 7 9 Most Carried 10 | 3 10 Average Carried 5 | 1 6 Final Capacity 10 | 8 10 Final Carried 10 | 3 10 Class Distribution -------------------- 100% | Mutant Dominant Class ---------------- Mutant | -10/Materials Resources | -11 -10 ----------- Run | Yrd Mat Matter Collected 401 | 322 79 Remotely . | . . Salvage Created 606 | 175 431 Parts 36 | 5 31 Haulers Intercepted . | . . Recyclers Shooed 2 | . 2 Parts Field Recycled . | . . Retrieved Matter . | . . Parts Self-Destructed . | . . Prevented . | . . Parts Restored . | . . Kills | -11 -10 ------- Run | Yrd Mat Combat Hostiles Destroyed 12 | . 12 Guns 6 | . 6 AOE 6 | . 6 Classes Destroyed 4 | 2 2 Tunneler 3 | 3 . Recycler 3 | 1 2 Swarmer 3 | . 3 Grunt 9 | . 9 Best Kill Streak 9 | 1 9 Combat Bots Only 8 | . 8 Max Kills in Single Turn 4 | 1 4 Gunslinging 1 | . 1 Exploded 3 | . 3 Melee . | . . Uniques/NPCs Destroyed . | . . Combat | -11 -10 -------- Run | Yrd Mat Hostile Shots Fired 115 | . 115 Missed 41 | . 41 Hits 74 | . 74 Projectile 74 | . 74 Critical Strikes 1 | . 1 Damage Taken 855 | . 855 Core 255 | . 255 Absorbed by Shields . | . . Core Remaining (%) 100 | 100 . Volleys Fired 46 | 13 33 Largest 2 | 2 2 Hottest 100 | 40 100 Shots Fired 77 | 26 51 Gun 68 | 26 42 Cannon . | . . Launcher 8 | . 8 Special 1 | . 1 Kinetic 68 | 26 42 Thermal 1 | . 1 Explosive 8 | . 8 Electromagnetic . | . . Robot Hit Streak 11 | 11 9 Robot Miss Streak 2 | 2 2 Penetration Max . | . . Secondary Targets 1 | . 1 Max Gunslinging Chain 1 | . 1 Shots Hit Robots 51 | 16 35 Core Hits 29 | 5 24 Critical Kills 1 | . 1 Critical Parts Destroyed 1 | . 1 Critical Strikes 2 | . 2 Destroy 2 | . 2 Melee Attacks . | . . Impact . | . . Slashing . | . . Piercing . | . . Sneak Attacks . | . . Combat Hostiles . | . . Follow-up Attacks . | . . Damage Inflicted 1013 | 164 849 Guns 448 | 164 284 Cannons . | . . Explosions 565 | . 565 Melee . | . . Ramming . | . . Kinetic 448 | 164 284 Thermal . | . . Explosive 565 | . 565 Electromagnetic . | . . Impact . | . . Slashing . | . . Piercing . | . . Highest Corruption . | . . Average Corruption . | . . Corruption Purged . | . . Corruption Blocked . | . . Overload Shots . | . . Overflow Damage . | . . Projectiles . | . . Explosions . | . . Melee . | . . Knockbacks . | . . Impact . | . . Kinetic . | . . Secondary . | . . Self-Inflicted Damage 3 | . 3 Shots 1 | . 1 Rammed . | . . Targets Rammed . | . . Kicked . | . . Crushed . | . . Highest Temperature 20 | . 20 Average Temperature 7 | . 7 Received Heat Transfer 450 | . 450 Siege Activations . | . . Martial Activations . | . . Shielding Activations . | . . Robots Disrupted . | . . Combat Hostiles . | . . Robots Corrupted . | . . Combat Hostiles . | . . Parts Fried . | . . Impact Corruptions . | . . Robots Melted . | . . Combat Hostiles . | . . Parts Melted . | . . Heat Transferred . | . . Parts Sabotaged . | . . Parts Stolen . | . . Parts Stripped . | . . Power Chain Reactions . | . . Alert | -11 -10 ------- Run | Yrd Mat Maximum Alert Level 1 | . 1 Low Security (%) 81 | 100 72 Level 1 18 | . 27 Level 2 . | . . Level 3 . | . . Level 4 . | . . Level 5 . | . . High Security . | . . Max Security . | . . Peak Influence 327 | 5 327 Initial . | . . Average 76 | 1 109 Influence Increases 444 | 20 424 Destroy 0b10 Robot/C 240 | . 240 Destroy 0b10 Robot/NC 30 | 20 10 Destroy Leader 50 | . 50 Destroy Structure 34 | . 34 Lose Combat Pursuer 90 | . 90 Influence Decreases 170 | 20 150 Time Decay 120 | 20 100 Lost Part 50 | . 50 Squads Dispatched 5 | . 5 Investigation 3 | . 3 Extermination . | . . Reinforcement 2 | . 2 Assault . | . . Garrison . | . . Intercept . | . . Searches Triggered . | . . Construction Impeded . | . . Haulers Reinforced . | . . Active Scanning Responses . | . . Cargo Convoy Interrupts . | . . Stealth | -11 -10 --------- Run | Yrd Mat Distress Signals . | . . Communications Jammed . | . . Distress Signals . | . . Times Spotted 22 | . 22 Peak Tracking Total 13 | . 13 Tactical Retreats 2 | . 2 Traps | -11 -10 ------- Run | Yrd Mat Traps Triggered 1 | . 1 Indirectly . | . . Trap Hack Attempts . | . . Triggered . | . . Disarmed . | . . Reprogrammed . | . . Reused . | . . Traps Extracted . | . . Installed . | . . Triggered . | . . Machines | -11 -10 ---------- Run | Yrd Mat Machines Disabled . | . . Max in Single Turn . | . . Machines Repaired . | . . Machines Dismantled . | . . Machines Sabotaged . | . . Overloaded Fab Kills . | . . Hacking | -11 -10 --------- Run | Yrd Mat Machines Accessed 3 | . 3 Terminals 2 | . 2 Fabricators . | . . Repair Stations . | . . Recycling Units 1 | . 1 Scanalyzers . | . . Garrison Access . | . . Total Hacks 7 | . 7 Successful . | . . Failed 7 | . 7 Catastrophic 2 | . 2 Database Lockouts . | . . Manual 4 | . 4 Terminals 4 | . 4 Fabricators . | . . Repair Stations . | . . Recycling Units 3 | . 3 Scanalyzers . | . . Garrison Access . | . . Terminal Hacks . | . . Fabricator Hacks . | . . Repair Station Hacks . | . . Recycling Unit Hacks . | . . Scanalyzer . | . . Garrison Access Hacks . | . . Unauthorized Hacks . | . . Terminals . | . . Fabricators . | . . Repair Stations . | . . Recycling Units . | . . Scanalyzers . | . . Garrison Access . | . . Data Cores Recovered . | . . Used . | . . Hacking Detections 3 | . 3 Full Trace Events 2 | . 2 Feedback Events . | . . Feedback Blocked . | . . Robot Schematics Acquired . | . . Robots Built . | . . Authchips . | . . Time . | . . Total Robot Build Rating . | . . Part Schematics Acquired . | . . Parts Built . | . . Authchips . | . . Time . | . . Total Part Build Rating . | . . Part Studies Acquired . | . . Parts Repaired . | . . Time . | . . Parts Recycled . | . . Recycled Matter . | . . Retrieved Matter . | . . Retrieved Components . | . . Parts Scanalyzed . | . . Part Schematics Acquired . | . . Parts Damaged . | . . Bothacking | -11 -10 ------------ Run | Yrd Mat Used RIF Installer . | . . Robots Hacked . | . . Non-combat . | . . Combat . | . . Robot Hacks Applied . | . . Relay Couplers Released . | . . Fabnet Peak Effective % . | . . Robots Rewired . | . . Allies Hacked . | . . Hacks Repelled . | . . Allies | -11 -10 -------- Run | Yrd Mat Total Allies . | . . Largest Group . | . . Highest-Rated Group . | . . Highest-Rated Ally . | . . Total Orders . | . . Ally Attacks . | . . Total Damage . | . . Kills . | . . Allies Corrupted . | . . Allies Melted . | . . Intel | -11 -10 ------- Run | Yrd Mat Active Infowar (turns) 478 | 88 390 Seismic 478 | 88 390 Robot Analysis Total . | . . Derelict Logs Recovered . | . . Drone Launches . | . . Drone Recoveries . | . . Exploration | -11 -10 ------------- Run | Yrd Mat Turns Passed 562 | 172 390 Spaces Moved 259 | 79 180 Core 4 | 4 . Treads 227 | 75 152 Legs 28 | . 28 Wheels . | . . Hover . | . . Flight . | . . Fastest Speed 50 | 50 120 Average Speed 159 | 156 160 Slowest Speed 190 | 160 190 Overloaded Moves . | . . Propulsion Burnouts . | . . Robots Hopped . | . . Potential Cave-ins . | . . Cave-ins Triggered . | . . Exploration Rate (%) 21 | 5 37 Regions Visited 1 Branch Regions . Pre-discovered Areas . | . . Known Exits Taken . | . . Unknown Exits Taken 1 | 1 . Scrap Searched . | . . Spaces Dug 1 | . 1 Terrain Destroyed 33 | . 33 Melee . | . . Projectile 1 | . 1 AOE 32 | . 32 Terrain Rammed . | . . Walls Destroyed . | . . Machines Disabled . | . . Actions | -11 -10 --------- Run | Yrd Mat Total 335 | 101 234 Wait 1 | . 1 Move 258 | 78 180 Hop . | . . Pick Up 9 | 3 6 Fast Attach 11 | 7 4 Attach . | . . Detach . | . . Swap 6 | . 6 Drop 4 | . 4 Fire 46 | 13 33 Melee . | . . Ram . | . . Kick . | . . Crush . | . . Escape Stasis . | . . Rewire . | . . Trap . | . . Miscellaneous . | . . Route ------- -11/Scrapyard -10/Materials (discovered 1 exit: [*Mat]) History --------- Turn | Location | Event 6 | -11/Scrapyard | Discovered new exit (range 16) 173 | -11/Scrapyard | Entered Materials 312 | -10/Materials | Build established: Mutant 412 | -10/Materials | Core integrity fell below 50% 457 | -10/Materials | Core integrity fell below 20% 489 | -10/Materials | Destroyed 8 combat bots 548 | -10/Materials | Discovered new exit (range 15) 563 | -10/Materials | Destroyed by G-34 Mercenary with Small Laser Last Messages --------------- Dropped Lgt. Treads. Acquired Aluminum Leg. K-01 Serf collects debris. Connecting with Terminal... ALERT: Suspicious activity at Terminal M003. Dispatching Investigation squad. U-05 Engineer lays Concrete. EXIT=FOUND U-05 Engineer lays Concrete. K-01 Serf collects debris. Acquired 7 matter. U-05 Engineer builds a Wall. Dropped Aluminum Leg. U-05 Engineer builds a Door. The unstable cave ceiling collapses. Grenade Launcher destroyed. U-05 Engineer builds a Wall. Ion Engine destroyed. The unstable cave ceiling collapses. U-05 Engineer lays Concrete. Map ----- +----------------------------------------------------+ | ??????????????# # # """ #? | | ??????????????# # # """ ## | | ??????????????# """ """ # + """ # | | ??????????????# " " """ # # # | | ??????????????# "" """ # # # | | ??????######### = # ####### + | | ??????# /% %= # #?????# # | | ??????# #= ! *=!% ########?????# # | | ??????# ########+## #??????# ## | | ??????# ! #??????# #? | | ??????# #??????# #? | | ??????# """ """ #??????# #? | | ??????# """"""""" k##### #??????# ## | | ??????# """"" " #???## ######### # | | ??????# #????# #= # # | | ??????+ #????# # / + | | ??????# ###### # """" # # | | ??????##T#### #= # # """" # # | | ???????#?# [ # # "# # """" # # | | ?????????# """ %# "# ######### ## | | ?????????# "Y"%%#= # "# +???????# #? | | ?????????# % +* u T# #???????# #? | | ?????????#] # # "# #???????# #? | | ?????????# =%# "# #???????# #? | | ?????????#### =# !# "# ######### #? | | ????????????##### @ # # #? | | ????????????????# ###### #? | | ????????????????# #????# #? | | ????????????????#o #????############# #? | | ????????????????# #????????????????# #? | | ????????????????# #????????????????# #? | | ????????????????# ????????????????# #? | | ???????????????? #????????????????# #? | | ???????????????? ????????????????# #? | | ???????????????? g ???????????????# #? | | ???????????????? #???????????????# #? | | ??????????????? #???????????????# #? | | ??????????????? # < #???????????????# #? | | ??????????????? ? ##???????????????#####? | | ??????????????? ?####?????????????????????? | | ??????????????????????????????????????????? | | ??????????????????????????????????????????? | | ??????????????????????????????????????????? | | ??????????????????????????????????????????? | | ??????????????????????????????????????????? | | | | | | | | | | | +----------------------------------------------------+ Best States ------------- Heat Dissipation 25 Energy Generation 10 Energy Capacity 250 Matter Stores 300 Matter Capacity 300 Sight Range 16 Terrain Scan Density 10 Evasion (%) 45 Recoil Reduction 2 Item Schematics ----------------- None Robot Schematics ------------------ None Fabricated ------------ Nothing Repaired ---------- Nothing Studied --------- None Alien Tech Used ----------------- None Achievements -------------- None Challenges ------------ None Game ------ Seed RiotReflexFilter Manual? 0 Play Time 00:10:45 Cumulative 18.2 hours Start 2026.08.09 @ 12:25:10 End 2026.08.09 @ 12:58:13 Sessions 1 Manual Loads 0 Difficulty Rogue Special Mode None Game No. 13 Rogue 9 Adventurer 4 Explorer 0 Win Type - Total 0 Types 0/0/0/0/0/0/0/0/0/0 Lore% 23 Gallery% 18 Achievement% 20 Wizard Run 0 Options --------- Layout 1 ASCII 0 Keyboard 0 Movement Mouse Keybinds 0 Fullscreen 1 Font 32/SmallcapsGlow Map View 50x35 Zoom Use 0% Tactical HUD 0 Map Filters NONE Filters NONE Steam 1 RUN: 7e3cdec8-f049-4fc3-b42e-9ab29d4434b5